TOP OF THE 1ST |
Saskatoon Smokin' Guns batting - Pitching for Surrey Sinners : RHP Guy Smith
|
Pitching: RHP Guy Smith
|
|
Batting: RHB Oliver Harris
|
0-0: Swinging Strike 0-1: Ball 1-1: Swinging Strike 1-2: Ball 2-2: Strikes out swinging
|
Batting: RHB Eric Neal
|
0-0: Called Strike 0-1: Foul Ball, location: 2F 0-2: Ball 1-2: Foul Ball, location: 2F 1-2: SINGLE (Flyball, 9LS)
|
Batting: LHB Freddy Herrera
|
0-0: Foul Ball, location: 2F 0-1: Ball 1-1: Foul Ball, location: 2F 1-2: Ball 2-2: Foul Ball, location: 2F 2-2: Foul Ball, location: 2F 2-2: Foul Ball, location: 2F 2-2: Fielders Choice at 2nd, 6-4 (Groundball, 6M)
|
Batting: LHB Del Kennedy
|
0-0: Ball 1-0: Called Strike 1-1: Ball 2-1: Called Strike 2-2: Ball 3-2: Base on Balls Freddy Herrera to second
|
Batting: RHB António Yánez
|
0-0: Swinging Strike 0-1: Ball 1-1: Foul Ball, location: 2F 1-2: Ball 2-2: Strikes out swinging
|
Top of the 1st over - 0 run(s), 1 hit(s), 0 error(s), 2 left on base; Saskatoon 0 - Surrey 0 |
BOTTOM OF THE 1ST |
Surrey Sinners batting - Pitching for Saskatoon Smokin' Guns : RHP Luis Trujillo
|
Pitching: RHP Luis Trujillo
|
|
Batting: RHB Carlos Rodríguez
|
0-0: Called Strike 0-1: Ball 1-1: Called Strike 1-2: Ball 2-2: Ball 3-2: Foul Ball, location: 2F 3-2: Foul Ball, location: 2F 3-2: Reached on Error, E7 (Flyball, 78M)
|
Batting: RHB Jesús Gonzáles
|
0-0: Ball Carlos Rodríguez is caught stealing 2nd base 1-0: Swinging Strike 1-1: Ball 2-1: Foul Ball, location: 2F 2-2: Ground out U3 (Groundball, 3S)
|
Batting: RHB Tony Cruz
|
0-0: Foul Ball, location: 2F 0-1: Ball 1-1: Ball 2-1: Swinging Strike 2-2: Ball 3-2: Strikes out swinging
|
Bottom of the 1st over - 0 run(s), 0 hit(s), 1 error(s), 0 left on base; Saskatoon 0 - Surrey 0 |
TOP OF THE 2ND |
Saskatoon Smokin' Guns batting - Pitching for Surrey Sinners : RHP Guy Smith
|
Batting: RHB Pedro Núñez
|
0-0: Called Strike 0-1: Foul Ball, location: 2F 0-2: Ball 1-2: Fly out, F8 (Flyball, 8LM)
|
Batting: RHB Chris Richards
|
0-0: Swinging Strike 0-1: Foul Ball, location: 2F 0-2: Foul Ball, location: 2F 0-2: Ball 1-2: Strikes out swinging
|
Batting: RHB Alvin Hampton
|
0-0: Ball 1-0: Ball 2-0: Called Strike 2-1: Foul Ball, location: 2F 2-2: Foul Ball, location: 2F 2-2: Strikes out swinging
|
Top of the 2nd over - 0 run(s), 0 hit(s), 0 error(s), 0 left on base; Saskatoon 0 - Surrey 0 |
BOTTOM OF THE 2ND |
Surrey Sinners batting - Pitching for Saskatoon Smokin' Guns : RHP Luis Trujillo
|
Batting: LHB Nick English
|
0-0: Swinging Strike 0-1: Called Strike 0-2: Foul Ball, location: 2F 0-2: Ball 1-2: Ball 2-2: Ball 3-2: Strikes out swinging
|
Batting: RHB Paul Ayers
|
0-0: Fly out, F8 (Flyball, 8LM)
|
Batting: RHB Steve Bender
|
0-0: Fly out, F8 (Flyball, 89M)
|
Bottom of the 2nd over - 0 run(s), 0 hit(s), 0 error(s), 0 left on base; Saskatoon 0 - Surrey 0 |
TOP OF THE 3RD |
Saskatoon Smokin' Guns batting - Pitching for Surrey Sinners : RHP Guy Smith
|
Batting: SHB Mario Gómez
|
0-0: Foul Ball, location: 2F 0-1: Foul Ball, location: 2F 0-2: Ball 1-2: Strikes out swinging
|
Batting: RHB Oliver Harris
|
0-0: Called Strike 0-1: Ball 1-1: Foul Ball, location: 2F 1-2: Strikes out swinging
|
Batting: RHB Eric Neal
|
0-0: Ball 1-0: Called Strike 1-1: Foul Ball, location: 2F 1-2: Ball 2-2: Strikes out swinging
|
Top of the 3rd over - 0 run(s), 0 hit(s), 0 error(s), 0 left on base; Saskatoon 0 - Surrey 0 |
BOTTOM OF THE 3RD |
Surrey Sinners batting - Pitching for Saskatoon Smokin' Guns : RHP Luis Trujillo
|
Batting: RHB Omar Tobías
|
0-0: Fly out, F8 (Flyball, 8RM)
|
Batting: LHB Larry Howard
|
0-0: Called Strike 0-1: Foul Ball, location: 2F 0-2: Ball 1-2: Strikes out swinging
|
Batting: RHB Víctor Arredondo
|
0-0: Called Strike 0-1: Ball 1-1: SINGLE (Line Drive, 34D)
|
Batting: RHB Carlos Rodríguez
|
0-0: Fly out, F7 (Flyball, 78S)
|
Bottom of the 3rd over - 0 run(s), 1 hit(s), 0 error(s), 1 left on base; Saskatoon 0 - Surrey 0 |
TOP OF THE 4TH |
Saskatoon Smokin' Guns batting - Pitching for Surrey Sinners : RHP Guy Smith
|
Batting: LHB Freddy Herrera
|
0-0: Foul Ball, location: 2F 0-1: Ground out 1-3 (Groundball, 13S)
|
Batting: LHB Del Kennedy
|
0-0: Called Strike 0-1: Ball 1-1: Fly out, F9 (Line Drive, 9LM)
|
Batting: RHB António Yánez
|
0-0: Called Strike 0-1: Swinging Strike 0-2: Foul Ball, location: 2F 0-2: Fly out, F2 (Popup, 2RF)
|
Top of the 4th over - 0 run(s), 0 hit(s), 0 error(s), 0 left on base; Saskatoon 0 - Surrey 0 |
BOTTOM OF THE 4TH |
Surrey Sinners batting - Pitching for Saskatoon Smokin' Guns : RHP Luis Trujillo
|
Batting: RHB Jesús Gonzáles
|
0-0: Called Strike 0-1: Swinging Strike 0-2: Ground out 6-3 (Groundball, 6)
|
Batting: RHB Tony Cruz
|
0-0: SINGLE (Groundball, 4MD)
|
Batting: LHB Nick English
|
0-0: Swinging Strike 0-1: Called Strike 0-2: Strikes out swinging
|
Batting: RHB Paul Ayers
|
0-0: Ball 1-0: Fly out, F7 (Line Drive, 7M)
|
Bottom of the 4th over - 0 run(s), 1 hit(s), 0 error(s), 1 left on base; Saskatoon 0 - Surrey 0 |
TOP OF THE 5TH |
Saskatoon Smokin' Guns batting - Pitching for Surrey Sinners : RHP Guy Smith
|
Batting: RHB Pedro Núñez
|
0-0: Ball 1-0: Ball 2-0: Swinging Strike 2-1: Ball 3-1: Base on Balls
|
Batting: RHB Chris Richards
|
0-0: Ball 1-0: Reached on error, E5 (Groundball, 56S) Pedro Núñez to second
|
Batting: RHB Alvin Hampton
|
0-0: Called Strike 0-1: Ball 1-1: Ball 2-1: Grounds into double play, 5-4-3 (Groundball, 56) Pedro Núñez to third
|
Batting: SHB Mario Gómez
|
0-0: Called Strike 0-1: Called Strike 0-2: Strikes out swinging
|
Top of the 5th over - 0 run(s), 0 hit(s), 1 error(s), 1 left on base; Saskatoon 0 - Surrey 0 |
BOTTOM OF THE 5TH |
Surrey Sinners batting - Pitching for Saskatoon Smokin' Guns : RHP Luis Trujillo
|
Batting: RHB Steve Bender
|
0-0: Foul Ball, location: 2F 0-1: Called Strike 0-2: Strikes out swinging
|
Batting: RHB Omar Tobías
|
0-0: Foul Ball, location: 2F 0-1: Ground out 3-1 (Groundball, 34)
|
Batting: LHB Larry Howard
|
0-0: Ball 1-0: Ball 2-0: SINGLE (Groundball, 34)
|
Batting: RHB Víctor Arredondo
|
0-0: Ball 1-0: Called Strike 1-1: Foul Ball, location: 2F 1-2: Foul Ball, location: 2F 1-2: Ground out 2-3 (Groundball, 25)
|
Bottom of the 5th over - 0 run(s), 1 hit(s), 0 error(s), 1 left on base; Saskatoon 0 - Surrey 0 |
TOP OF THE 6TH |
Saskatoon Smokin' Guns batting - Pitching for Surrey Sinners : RHP Guy Smith
|
Batting: RHB Oliver Harris
|
0-0: Called Strike 0-1: Ball 1-1: Swinging Strike 1-2: Strikes out swinging
|
Batting: RHB Eric Neal
|
0-0: Swinging Strike 0-1: Ball 1-1: Foul Ball, location: 2F 1-2: Ball 2-2: Ball 3-2: Strikes out swinging
|
Batting: LHB Freddy Herrera
|
0-0: Foul Ball, location: 2F 0-1: Foul Ball, location: 2F 0-2: Strikes out swinging
|
Top of the 6th over - 0 run(s), 0 hit(s), 0 error(s), 0 left on base; Saskatoon 0 - Surrey 0 |
BOTTOM OF THE 6TH |
Surrey Sinners batting - Pitching for Saskatoon Smokin' Guns : RHP Luis Trujillo
|
Batting: RHB Carlos Rodríguez
|
0-0: Called Strike 0-1: Ball 1-1: SINGLE (Line Drive, 4MD)
|
Batting: RHB Jesús Gonzáles
|
0-0: Foul Ball, location: 2F 0-1: Swinging Strike 0-2: Strikes out swinging
|
Batting: RHB Tony Cruz
|
0-0: Ball 1-0: Ball 2-0: Fly out, F4 (Popup, 4)
|
Batting: LHB Nick English
|
0-0: Ball 1-0: Swinging Strike 1-1: SINGLE (Groundball, 3D) Carlos Rodríguez to second Runner from 2nd tries for 3rd, SAFE, no throw or cutoff
|
Batting: RHB Paul Ayers
|
0-0: Fly out, F7 (Flyball, 78M)
|
Bottom of the 6th over - 0 run(s), 2 hit(s), 0 error(s), 2 left on base; Saskatoon 0 - Surrey 0 |
TOP OF THE 7TH |
Saskatoon Smokin' Guns batting - Pitching for Surrey Sinners : RHP Guy Smith
|
Pitching: RHP Chris Marshall
|
|
Batting: LHB Del Kennedy
|
0-0: Called Strike 0-1: Foul Ball, location: 2F 0-2: SINGLE (Groundball, 34D)
|
Batting: RHB António Yánez
|
0-0: Ball 1-0: Ball 2-0: Ball 3-0: Called Strike 3-1: Called Strike 3-2: Foul Ball, location: 2F 3-2: Foul Ball, location: 2F 3-2: Base on Balls Del Kennedy to second
|
Batting: RHB Pedro Núñez
|
0-0: Ball 1-0: SINGLE (Groundball, 6MD) Del Kennedy to third António Yánez to second Runner from 3rd tries for Home, SAFE, throw made home
|
Pinch Hitting: RHB Kenny Thompson
|
0-0: Called Strike 0-1: Swinging Strike 0-2: Ball 1-2: Foul Ball, location: 2F 1-2: Ball 2-2: Foul Ball, location: 2F 2-2: Strikes out swinging
|
Batting: RHB Alvin Hampton
|
0-0: Ball 1-0: Fly out, F8 (Flyball, 89M)
|
Pinch Hitting: LHB Andrew Veeck
|
0-0: Ball 1-0: Foul Ball, location: 2F 1-1: Called Strike 1-2: Foul Ball, location: 2F 1-2: Foul Ball, location: 2F 1-2: Ball 2-2: Fly out, F4 (Popup, 6MS)
|
Top of the 7th over - 1 run(s), 2 hit(s), 0 error(s), 2 left on base; Saskatoon 1 - Surrey 0 |
BOTTOM OF THE 7TH |
Surrey Sinners batting - Pitching for Saskatoon Smokin' Guns : RHP Luis Trujillo
|
Now at 1B: Andrew Veeck
|
|
Now in LF: José Suárez
|
|
Batting: RHB Steve Bender
|
0-0: Called Strike 0-1: Ball 1-1: Ball 2-1: Ball 3-1: Base on Balls
|
Batting: RHB Omar Tobías
|
0-0: Bunted foul 0-1: Bunted foul 0-2: Foul Ball, location: 2F 0-2: Foul Ball, location: 2F 0-2: Foul Ball, location: 2F 0-2: Foul Ball, location: 2F 0-2: SINGLE (Groundball, 4MD) Steve Bender to second Runner from 2nd tries for 3rd, SAFE, throw made to third
|
Batting: LHB Larry Howard
|
0-0: Ball 1-0: Swinging Strike 1-1: Ball 2-1: Called Strike 2-2: Fly out, F6 (Popup, 56)
|
Pitching: RHP Allen Collins
|
|
Pinch Hitting: LHB Tanyu Imai
|
0-0: Called Strike Omar Tobías steals 2nd base 0-1: Called Strike 0-2: Ball 1-2: Ball 2-2: Fly out, F8 (Popup, 6MD)
|
Pinch Hitting: LHB Benny Richard
|
0-0: Ball 1-0: Fly out, F7 (Flyball, 78XD)
|
Bottom of the 7th over - 0 run(s), 1 hit(s), 0 error(s), 2 left on base; Saskatoon 1 - Surrey 0 |
TOP OF THE 8TH |
Saskatoon Smokin' Guns batting - Pitching for Surrey Sinners : RHP Chris Marshall
|
Now at 3B: Héctor Berrios
|
|
Now in RF: Tanyu Imai
|
|
Batting: RHB Oliver Harris
|
0-0: SINGLE (Flyball, 89S)
|
Pinch Runner at 1st Luis Suárez:
|
|
Batting: RHB Eric Neal
|
0-0: Bunt missed! 0-1: Sac Bunt - play at first, batter OUT! 1-4 Luis Suárez to second
|
Batting: LHB Freddy Herrera
|
0-0: Ball 1-0: DOUBLE (Flyball, 8RXD) Luis Suárez scores
|
Batting: LHB Del Kennedy
|
0-0: Swinging Strike 0-1: Ball 1-1: Called Strike 1-2: Strikes out looking
|
Batting: RHB António Yánez
|
0-0: Ball 1-0: Swinging Strike 1-1: Ball 2-1: Swinging Strike 2-2: Strikes out looking
|
Top of the 8th over - 1 run(s), 2 hit(s), 0 error(s), 1 left on base; Saskatoon 2 - Surrey 0 |
BOTTOM OF THE 8TH |
Surrey Sinners batting - Pitching for Saskatoon Smokin' Guns : RHP Allen Collins
|
Batting: RHB Jesús Gonzáles
|
0-0: Called Strike 0-1: Ball 1-1: Ball 2-1: Ball 3-1: Foul Ball, location: 2F 3-2: Base on Balls
|
Pitching: RHP Lorenzo Montáñez
|
|
Batting: RHB Tony Cruz
|
0-0: SINGLE (Line Drive, 89S) Jesús Gonzáles to second
|
Pitching: RHP Bernie Titus
|
|
Batting: LHB Nick English
|
0-0: Ball 1-0: Foul Ball, location: 2F 1-1: Reached on error, E1 (Groundball, 13S) Jesús Gonzáles to third Tony Cruz to second
|
Batting: RHB Paul Ayers
|
0-0: Grounds into double play, 6-4-3 (Groundball, 6) Jesús Gonzáles scores Tony Cruz to third
|
Batting: RHB Steve Bender
|
0-0: Ball 1-0: Ball 2-0: Ball 3-0: Base on Balls
|
Pinch Hitting: RHB Bill Little
|
0-0: Called Strike 0-1: Ball 1-1: Foul Ball, location: 2F 1-2: Ball 2-2: Ball 3-2: Base on Balls Steve Bender to second
|
Pitching: LHP Macy Catron
|
|
Batting: LHB Larry Howard
|
0-0: GRAND SLAM HOME RUN (Flyball, 89XD), Distance : 413 ft
|
Batting: LHB Tanyu Imai
|
0-0: SINGLE (Line Drive, 4MD)
|
Batting: RHB Héctor Berrios
|
0-0: Ball Tanyu Imai steals 2nd base 1-0: Fly out, F7 (Line Drive, 7M)
|
Bottom of the 8th over - 5 run(s), 3 hit(s), 1 error(s), 1 left on base; Saskatoon 2 - Surrey 5 |
TOP OF THE 9TH |
Saskatoon Smokin' Guns batting - Pitching for Surrey Sinners : RHP Chris Marshall
|
Pitching: RHP Juan Tapia
|
|
Now at SS: César Osequedo
|
|
Batting: RHB Pedro Núñez
|
0-0: Ball 1-0: Called Strike 1-1: Foul Ball, location: 2F 1-2: Strikes out swinging
|
Batting: LHB José Suárez
|
0-0: Ball 1-0: Fly out, F8 (Flyball, 8LM)
|
Batting: RHB Alvin Hampton
|
0-0: Ball 1-0: Foul Ball, location: 2F 1-1: Foul Ball, location: 2F 1-2: Foul Ball, location: 2F 1-2: Strikes out looking
|
Top of the 9th over - 0 run(s), 0 hit(s), 0 error(s), 0 left on base; Saskatoon 2 - Surrey 5 |
|